 Dungeon Crawl Stone Soup version 0.28-a0-697-g47f3eba078 (webtiles) character file.

Game seed: 17058881347406092152

84 tatocazan the Skirmisher (level 4, 6/35 HPs)
             Began as a Demonspawn Fighter on Oct 23, 2021.
             Quit the game on level 2 of the Dungeon.
             The game lasted 00:01:13 (912 turns).

tatocazan the Skirmisher (Demonspawn Fighter)        Turns: 912, Time: 00:01:14

Health: 6/35       AC:  6    Str: 18    XL:     4   Next: 23%
Magic:  4/4        EV: 12    Int:  9    God:
Gold:   73         SH:  4    Dex: 12    Spells: 3/3 levels left

rFire   . . .      SeeInvis .   a - +0 war axe
rCold   . . .      Faith    .   c - +0 buckler
rNeg    . . .      Spirit   .   b - +0 scale mail
rPois   .          Reflect  .   (no helmet)
rElec   .          Harm     .   (no cloak)
rCorr   .          Rampage  .   (no gloves)
Will    .....                   (no boots)
Stlth   ..........              (no amulet)
HPRegen 0.11/turn               (no ring)
MPRegen 0.09/turn               (no ring)

@: no status effects
A: repulsion field 2, demonic magic 1
a: no special abilities


You were on level 2 of the Dungeon.
You visited 1 branch of the dungeon, and saw 2 of its levels.

You collected 73 gold pieces.

Inventory:

Hand Weapons
 a - a +0 war axe (weapon)
Armour
 b - a +0 scale mail (worn)
 c - a +0 buckler (worn)
Scrolls
 e - a scroll of identify {unknown}
 f - 2 scrolls of teleportation {unknown}
Potions
 d - a potion of might
 g - a potion of attraction {unknown}


   Skills:
 + Level 3.5 Fighting
 + Level 2.5 Axes
 + Level 3.3 Armour
 + Level 3.2 Shields


You had 3 spell levels left.
You didn't know any spells.
Your spell library was empty.

Dungeon Overview and Level Annotations

Branches:
Dungeon (2/15)

Altars:


Innate Abilities, Weirdness & Mutations

You are surrounded by a moderate repulsion field. (EV +3)
Spells you cast may paralyse adjacent enemies.


Message History

You slash the gnoll! The gnoll hits you with a +0 club.
The gnoll barely misses you. The gnoll hits you with a +0 flail.
The gnoll closely misses you. x2
You are too injured to fight recklessly!
You are too injured to fight recklessly!
You are too injured to fight recklessly!
There are monsters nearby!
There are monsters nearby!
You take 13 damage, and have 14/29 hp.
MASSIVE DAMAGE!!
There are monsters nearby!
You are too injured to fight recklessly!
You are too injured to fight recklessly!
You are too injured to fight recklessly!
You slash the gnoll!
You kill the gnoll!
You barely miss the gnoll. You closely miss the gnoll.
You block the gnoll's attack. x2; The gnoll barely misses you.
You barely miss the gnoll.
The gnoll is moderately wounded.
You slash the frilled lizard!
You kill the frilled lizard!
You barely miss the gnoll. The gnoll barely misses you.
You block the gnoll's attack.
You hit the gnoll.
The gnoll is heavily wounded.
You hit the gnoll.
You kill the gnoll!
The gnoll hits you but does no damage. The gnoll hits you with a +0 flail!
* * * LOW HITPOINT WARNING * * *
You have reached level 4!
You feel stronger.
Your demonic ancestry asserts itself...
A menacing aura infuses your magic.
You take 9 damage, and have 5/35 hp.
MASSIVE DAMAGE!!
MP restored: 4 You hit the gnoll.
The gnoll is heavily wounded.
The gnoll closely misses you.
You slash the gnoll!
You kill the gnoll!
Are you sure you want to abandon this character and quit the game? (Confirm with "yes".)

.......##
##..###
.<....##
##...#####
.#.####
###.....# . ..
#.....# ###
#.....#.... ###
#.......#
....##.....###
.........###
.##...)@...#
#..#))....#
#:........#
...#.........#
... ...........
.#.#.......####
........#
..........


There were no monsters in sight!

Vanquished Creatures
  4 gnolls (D:2)
  A worm (D:2)
  6 ball pythons (D:1)
  5 bats
  2 endoplasms (D:1)
  3 goblins (D:1)
  8 hobgoblins
  2 jackals (D:1)
  2 kobolds (D:1)
  2 quokkas (D:1)
  2 frilled lizards
  3 rats
40 creatures vanquished.

Notes
Turn   | Place    | Note
-------+----------+-------------------------------------------
     0 | D:1      | tatocazan the Demonspawn Fighter began the quest for the
                  | Orb.
     0 | D:1      | Reached XP level 1. HP: 18/18 MP: 1/1
    89 | D:1      | Gained mutation: You are surrounded by a mild repulsion
                  | field. (EV +2) [demonic ancestry]
    89 | D:1      | Reached XP level 2. HP: 11/24 MP: 2/2
   498 | D:1      | Gained mutation: You are surrounded by a moderate repulsion
                  | field. (EV +3) [demonic ancestry]
   498 | D:1      | Reached XP level 3. HP: 26/29 MP: 3/3
   910 | D:2      | Gained mutation: Spells you cast may paralyse adjacent
                  | enemies. [demonic ancestry]
   910 | D:2      | Reached XP level 4. HP: 5/35 MP: 4/4
   912 | D:2      | Quit the game

Illustrated notes

Levels and vault maps discovered:
D:1:      wander_arrival_estate, layout_rooms
D:2:      layout_rooms

Skill      XL: |  1  2 |
---------------+-------+-----
Axes           | 2 |  2.5
Shields        | 3 |  3.2
Armour         | 3 |  3.3
Fighting       | |  3.5

Action                   |  1- 3 |  4- 6 || total
-------------------------+-------+-------++-------
Melee: War axe           |    94 |     2 ||    96
Armor: Scale mail        |    47 |       ||    47
Dodge: Dodged            |    85 |     1 ||    86
Block: Buckler           |    35 |       ||    35

Table legend: (Time is in decaauts)
 A = Elapsed time spent in this place.
 B = Non-inter-level travel time spent in this place.
 C = Inter-level travel time spent in this place.
 D = Time resting spent in this place.
 E = Time spent auto-exploring this place.
 F = Levels seen in this place.
 G = Mean time per level.
                   A        B        C        D        E       F      G
               +--------+--------+--------+--------+--------+-----+--------+
         Total |    951 |    935 |     16 |    190 |    528 |   2 |  475.5 |
       Dungeon |    951 |    935 |     16 |    190 |    528 |   2 |  475.5 |
               +--------+--------+--------+--------+--------+-----+--------+

Top non-repeatable levels by time:
     D:1: 823 daAuts
     D:2: 128 daAuts
